grid bug, neutral male gnomish Healer --------- |...`...| ------ |..%`)..| ----- ....| |..%``..| |... ---------..-- |...``..| --..--------- |.......|...-- --..... | |...``..| | --...|.......| |.......|.%%.---..%.... |. ----`---- .| ....---....|.......| |..._../)%)%%%%...%!... |......?......| ......-3....+...@...| |.......|...%---.%`%%... ---....`....--- ......---....|.3.@A..| |.......|...-- --%..%... -----`----- .... --...|.......| ---------..-- -)--- ``` -|- --..--------- ...%)| ...------ ..... -----... |... ------- ....%....| ..[... ........ ----- ------.%.-- .```.. --...----- |....-- `%%%..--....| ---...----`----...-- ...%....`......| ------------- grid bug the Physician Experience level: 29 Strength: 18/32 Dexterity: 18 Constitution: 18 Intelligence: 19 Wisdom: 18 Charisma: 18 Health: 398(398) Energy: 283(308) Def: 50 Gold: 556 Moves: 105676 Dungeon seed: r7rS4LO8BNnF2qfr Game ID: grid bug_1532399838 Your Inventory: Coins $ - 556 gold pieces Amulets u - an uncursed amulet of life saving (being worn) Weapons d - a blessed fixed +0 crysknife (alternate weapon; not wielded) j - 5 blessed +5 elven daggers (in quiver) q - the +5 Grimtooth v - the blessed rustproof +2 Magicbane (weapon in hand) Armor e - an uncursed fireproof +5 pair of speed boots (being worn) n - an uncursed fireproof +5 Hawaiian shirt (being worn) r - a blessed fireproof +7 pair of leather gloves (being worn) w - a blessed +5 gray dragon scale mail (being worn) y - a blessed fireproof +7 elven leather helm (being worn) z - a blessed fireproof +5 cloak of protection (being worn) Comestibles g - an uncursed partly eaten lembas wafer l - 5 cursed lumps of royal jelly P - an uncursed lizard corpse Scrolls b - a cursed scroll of punishment U - an uncursed scroll of teleportation Potions a - an uncursed potion of speed m - 3 uncursed potions of water Rings k - a blessed +1 ring of protection (on left hand) C - an uncursed ring of slow digestion (on right hand) Wands f - a wand of teleportation (0:1) h - a wand of digging (0:4) s - a wand of magic missile (0:0) A - a cursed wand of sleep (0:0) E - a wand of fire (0:6) F - a wand of digging (0:6) I - a wand of lightning (0:2) K - a blessed wand of lightning (0:0) M - a wand of striking (0:1) O - a wand of lightning (0:2) S - a wand of death (1:0) T - a cursed wand of striking (0:7) W - a wand of striking (0:2) X - a wand of cold (0:5) Z - a wand of digging (0:5) Tools i - an uncursed magic whistle t - an uncursed stethoscope x - a blessed blindfold Q - an uncursed skeleton key R - a blessed +0 unicorn horn V - a blessed bag of holding Y - the Bell of Opening (0:2) Gems D - a blessed luckstone Contents of the bag of holding: a blessed amulet of life saving an uncursed amulet of reflection 14 blessed +5 elven daggers a cursed +0 silver saber an uncursed +0 cloak of invisibility a blessed +2 mummy wrapping an uncursed +0 pair of levitation boots 13 uncursed C-rations 22 uncursed K-rations 2 uncursed lizard corpses an uncursed slime mold an uncursed scroll of blank paper a blessed scroll of create monster 5 cursed scrolls of create monster an uncursed scroll of fire an uncursed scroll of gold detection 2 uncursed scrolls of remove curse a cursed scroll of stinking cloud 2 uncursed diluted potions of paralysis 14 potions of holy water an uncursed potion of levitation 2 cursed potions of levitation 2 blessed potions of restore ability a potion of unholy water an uncursed ring of cold resistance an uncursed ring of fire resistance a blessed +3 ring of gain strength an uncursed +3 ring of gain strength a cursed -4 ring of increase damage an uncursed ring of levitation an uncursed ring of levitation an uncursed ring of protection from shape changers an uncursed ring of protection from shape changers an uncursed ring of protection from shape changers an uncursed ring of protection from shape changers an uncursed ring of regeneration an uncursed ring of searching an uncursed ring of see invisible an uncursed ring of see invisible an uncursed ring of shock resistance a cursed ring of slow digestion an uncursed ring of teleport control a cursed ring of teleportation an uncursed ring of warning a wand of cold (0:8) a wand of cold (0:2) a wand of cold (0:0) a wand of cold (0:0) a cursed wand of cold (0:0) a wand of death (0:3) a wand of digging (0:7) a wand of digging (0:7) a wand of digging (0:6) a wand of digging (0:5) a wand of digging (0:5) a wand of digging (0:5) a wand of digging (0:2) a wand of digging (0:1) a wand of digging (0:0) a wand of fire (0:7) a wand of lightning (0:7) a wand of lightning (0:6) a wand of lightning (0:6) a wand of lightning (0:6) a wand of lightning (0:6) a wand of lightning (0:5) a wand of lightning (0:4) a wand of lightning (0:4) a wand of lightning (0:4) a wand of lightning (0:3) a wand of lightning (0:2) a wand of magic missile (0:8) a wand of magic missile (0:7) a wand of magic missile (0:7) a rusty wand of magic missile (0:7) a wand of magic missile (0:6) a rusty wand of magic missile (0:6) a rusty wand of magic missile (0:6) a wand of magic missile (0:5) a wand of magic missile (0:5) a wand of magic missile (0:1) a wand of sleep (0:4) a wand of sleep (0:4) a wand of slow monster (0:5) a wand of slow monster (0:4) a wand of speed monster (0:4) a wand of striking (0:5) a wand of striking (0:3) a wand of striking (0:2) a wand of striking (0:2) a wand of striking (0:0) a wand of striking (0:0) a wand of striking (0:0) 9 uncursed agate stones 6 uncursed amethyst stones 3 uncursed aquamarine stones 3 uncursed black opals 5 uncursed chrysoberyl stones 4 uncursed citrine stones 13 uncursed diamonds 11 uncursed emeralds 8 uncursed garnet stones 5 uncursed jacinth stones 13 uncursed jade stones 15 uncursed jasper stones 13 uncursed jet stones 11 uncursed obsidian stones 7 uncursed opals 11 uncursed rubies 6 uncursed sapphires 10 uncursed topaz stones 2 uncursed turquoise stones Spells and supernatural/magical abilities: Name Level Category Fail Memory a - force bolt 1 attack 0% 87% c - cause fear 3* enchantment 0% 0% f - fireball 4 attack 60% 87% h - healing 1 healing 0% 87% i - invisibility 4* escape 60% 0% k - knock 1* matter 0% 0% l - light 1 divination 0% 87% m - magic missile 2 attack 0% 87% n - detect monsters 1* divination 0% 0% r - remove curse 3 clerical 0% 87% s - slow monster 2* enchantment 0% 0% t - teleport away 6* escape 100% 0% u - confuse monster 2* enchantment 0% 0% v - clairvoyance 3* divination 0% 0% w - wizard lock 2 matter 0% 73% x - extra healing 3* healing 0% 0% z - sleep 1* enchantment 0% 0% A - create familiar 6* clerical 100% 0% B - cure blindness 2* healing 0% 0% E - detect food 2* divination 0% 0% H - haste self 3* escape 0% 0% I - identify 3* divination 0% 0% K - cure sickness 3* healing 0% 0% L - levitation 4* escape 60% 0% M - magic mapping 5* divination 89% 0% O - create monster 2 clerical 0% 31% R - restore ability 4 healing 0% 81% S - stone to flesh 3* healing 0% 0% T - turn undead 6* clerical 100% 0% U - detect unseen 3* divination 0% 0% V - teleportitis -- ability ? -- W - pray for help -- divine ? -- Your skills at the end: Fighting Skills Weapon Skills dagger [Skilled] knife [Expert] quarterstaff [Expert] unicorn horn [Expert] Spellcasting Skills healing spells [Expert] Final Attributes: You were the Envoy of Balance. You were piously aligned. You were fire resistant. You were cold resistant. You were sleep resistant. You were shock resistant. You were poison resistant. You were magic-protected. You saw invisible. You were telepathic. You were warned. You had infravision. You were invisible to others. You were stealthy. You could teleport. You had teleport control. You had slower digestion. You were protected. You were very fast. Your life would have been saved. You were extremely lucky. You had extra luck. Good luck did not time out for you. You survived. Vanquished creatures: Orcus Juiblex The Wizard of Yendor (twice) Famine a high priest 6 mastodons Medusa Croesus 11 krakens 5 iron golems The Cyclops 3 master liches a ki-rin 8 storm giants 4 titans 15 glass golems 4 balrogs 16 purple worms 7 gray dragons 5 silver dragons 15 red dragons 12 white dragons 4 orange dragons 11 black dragons 7 blue dragons 5 green dragons 8 yellow dragons 26 minotaurs 8 jabberwocks 19 baluchitheria 20 Angels 3 demiliches Vlad the Impaler 16 stone golems 11 master mind flayers 19 Olog-hai 4 Nazgul 14 pit fiends 3 sandestins 4 hell hounds 11 titanotheres 15 trappers 2 baby gray dragons a baby silver dragon a baby red dragon a baby white dragon 3 baby orange dragons a baby black dragon a baby blue dragon a baby yellow dragon a guardian naga 11 disenchanters 38 vampire lords 6 shades 6 skeletons 33 aligned priests 17 captains 6 liches a water troll 5 clay golems 22 nurses 16 ice devils 8 nalfeshnees 17 lurkers above 8 Aleaxes 3 frost giants 12 ettins 4 golden nagas 10 black puddings 32 vampires 36 ghosts 18 lieutenants a watch captain 2 rangers a samurai a valkyrie a wizard 2 queen bees 13 winged gargoyles 8 mind flayers 23 giant mimics 19 zruties 10 fire giants 29 ogre kings 14 ice trolls 16 rock trolls 11 umber hulks 5 flesh golems 15 Elvenkings 7 doppelgangers 14 hezrous 32 bone devils 24 large mimics 8 wumpuses 11 fire vortices a baby long worm 15 long worms 19 couatls 30 stalkers 3 air elementals 13 fire elementals 6 earth elementals 6 water elementals 17 hill giants 9 giant mummies 7 black nagas 17 xorns 22 giant zombies 52 elf-lords 38 sergeants 2 barbed devils 19 vrocks 6 salamanders 18 wargs 3 winter wolves 7 hell hound pups 26 small mimics 8 glass piercers 7 warhorses 12 steam vortices 40 xans 9 ettin mummies 23 ogre lords 22 quantum mechanics 45 trolls 3 sasquatches 11 wood golems an erinys 4 mariliths a djinni 10 sharks 20 electric eels 13 gelatinous cubes 9 pyrolisks 3 large dogs 6 freezing spheres 18 flaming spheres 21 shocking spheres 3 large cats 17 tigers 16 gargoyles a dwarf king 16 tengu 21 ochre jellies 22 leocrottas 9 energy vortices 6 mountain centaurs 15 stone giants 5 elf mummies 7 human mummies 5 red nagas 4 green slimes 6 pit vipers 8 pythons 13 cobras 50 wraiths 18 carnivorous apes 18 ettin zombies 6 leather golems 27 Grey-elves 120 soldiers 4 watchmen 2 horned devils 14 succubi 12 incubi 14 chameleons 10 crocodiles 26 giant beetles 20 quivering blobs 44 cockatrices 26 wolves 9 winter wolf cubs 8 lynxes 4 panthers 19 gremlins 8 spotted jellies 17 leprechauns 9 orc-captains 13 iron piercers 6 mumakil 17 giant spiders 18 scorpions 5 horses 4 ice vortices 20 black lights 23 vampire bats 17 forest centaurs 2 gnome kings 11 orc mummies 8 dwarf mummies 18 ogres 7 brown puddings 15 rust monsters 35 owlbears 21 yetis 6 gold golems 8 werewolves 30 Green-elves 4 piranhas 31 giant eels 33 lizards 5 attendants 24 chickatrices 3 dogs 6 dingos 3 housecats 15 jaguars 3 dwarf lords 11 blue jellies 3 white unicorns 12 black unicorns 8 dust vortices 13 ravens 4 plains centaurs 4 gnome mummies 54 snakes 13 water moccasins 11 apes 30 human zombies 11 rope golems 29 Woodland-elves 29 soldier ants 26 fire ants 16 bugbears 5 imps 12 lemures 18 quasits 7 wood nymphs 11 water nymphs 22 mountain nymphs 27 Mordor orcs 45 Uruk-hai 2 orc shamans 22 rock piercers 38 rock moles 7 ponies 13 fog clouds 27 yellow lights 9 shriekers 11 violet fungi 9 gnome lords 2 gnomish wizards 8 kobold mummies a red naga hatchling a black naga hatchling 2 golden naga hatchlings 3 guardian naga hatchlings 18 gray oozes 4 barrow wights 26 elf zombies 16 ghouls 10 straw golems 7 paper golems 9 jellyfish 6 baby crocodiles 31 giant ants 3 little dogs 30 floating eyes 5 kittens 17 dwarves 13 homunculi 6 kobold lords 10 kobold shamans 108 hill orcs 31 rothes 39 rabid rats 4 centipedes 9 giant bats 3 monkeys 28 orc zombies 17 dwarf zombies 5 wererats 3 werejackals 24 iguanas 73 killer bees 65 acid blobs 5 coyotes 4 gas spores 11 hobbits 27 manes 6 large kobolds 20 hobgoblins 108 giant rats 13 cave spiders 2 brown molds 13 yellow molds 4 green molds 10 red molds 12 gnomes 45 garter snakes 12 gnome zombies 18 geckos 28 jackals 6 foxes 9 kobolds 14 goblins 45 sewer rats 20 grid bugs 11 bats 14 lichens 20 kobold zombies 27 newts 4310 creatures vanquished. Genocided or extinct species: giant rats (extinct) liches demiliches master liches arch-liches soldiers (extinct) jellyfish piranhas sharks giant eels electric eels krakens 10 species genocided. 2 species extinct. Voluntary challenges: You used a wielded weapon 9093 times, starting on turn 4. You read items or engraved 685 times, starting on turn 1127. You genocided 10 types of monsters, starting on turn 73826. You polymorphed 60 items, starting on turn 18693. You never changed form. You used 8 wishes, starting on turn 43221. You did not wish for any artifacts. You split 6 puddings, starting on turn 28069. You wrote Elbereth's name 33 times, starting on turn 1127. You violated your moral code, losing 571 points of alignment, starting on turn 4760. Dungeon overview: The Dungeons of Doom: levels 1 to 29 Level 1 an altar to Hermes stairs to The Elemental Planes Level 2 a general store, an altar to Hermes, a sink Level 3 stairs to The Gnomish Mines Level 4 a general store Level 5 many fountains Level 6 stairs to Sokoban Level 7 a fountain Level 8 Level 9 an altar to Hermes, a fountain Level 10 Level 11 a fountain Level 12 some altars to Hermes and Poseidon portal to The Quest Level 13 a fountain Level 14 Level 15 a general store Level 16 Level 17 portal to Fort Ludios Level 18 a scroll shop Level 19 Level 20 Level 21 Level 22 an altar to Hermes Level 23 Level 24 some altars to Athena and Hermes Level 25 a sink Level 26 Level 27 a general store Level 28 Level 29 Gehennom: levels 30 to 51 Level 30 a temple to Moloch stairs to The Dungeons of Doom Level 31 Level 32 Level 33 Level 34 Level 35 Level 36 Level 37 Level 38 Level 39 Level 40 some shops, an altar to Moloch Level 41 stairs to Vlad's Tower Level 42 Level 43 portal to Gehennom Level 44 Level 45 Level 46 portal to Gehennom Level 47 Level 48 Level 49 Level 50 Level 51 The Gnomish Mines: levels 4 to 12 Level 4 stairs to The Dungeons of Doom Level 5 Level 6 Level 7 many shops, a temple to Hermes Level 8 Level 9 Level 10 Level 11 Level 12 The Quest: levels 1 to 5 Level 1 an altar to Hermes, a throne portal to The Dungeons of Doom Level 2 Level 3 a temple to Poseidon Level 4 Level 5 Sokoban: levels 2 to 5 Level 2 Level 3 Level 4 Level 5 stairs to The Dungeons of Doom Fort Ludios: Level 1 portal to The Dungeons of Doom Vlad's Tower: levels 38 to 40 Level 38 Level 39 Level 40 stairs to Gehennom The Elemental Planes: Astral Plane <- You were here some high altars Plane 4 portal to The Elemental Planes Plane 3 portal to The Elemental Planes Plane 2 portal to The Elemental Planes Plane 1 portal to The Elemental Planes History has recorded: On T:1 you entered the Dungeons of Doom to retrieve the Amulet of Yendor! On T:239 you reached level 2 of The Dungeons of Doom. On T:894 you advanced to experience level 2. On T:1367 you advanced to experience level 3. On T:1484 you reached level 3 of The Dungeons of Doom. On T:1522 you reached level 4 of The Dungeons of Doom. On T:1579 you reached level 5 of The Dungeons of Doom. On T:1922 you reached level 1 of The Gnomish Mines. On T:2170 you advanced to experience level 4. On T:2291 you advanced to experience level 5. On T:3488 you reached level 6 of The Dungeons of Doom. On T:3831 you reached level 4 of Sokoban. On T:4257 you reached level 3 of Sokoban. On T:5167 you reached level 2 of Sokoban. On T:5399 you advanced to experience level 6. On T:5547 you reached level 1 of Sokoban. On T:6310 you reached level 7 of The Dungeons of Doom. On T:6619 you advanced to experience level 7. On T:7042 you received Magicbane from Hermes. On T:8677 you reached level 2 of The Gnomish Mines. On T:8716 you reached level 3 of The Gnomish Mines. On T:9036 you reached level 4 of The Gnomish Mines. On T:10334 you reached level 5 of The Gnomish Mines. On T:10539 you reached level 6 of The Gnomish Mines. On T:10848 you advanced to experience level 8. On T:10866 you reached level 7 of The Gnomish Mines. On T:11170 you reached level 8 of The Gnomish Mines. On T:11637 you reached level 9 of The Gnomish Mines. On T:11674 you advanced to experience level 9. On T:13367 you reached level 8 of The Dungeons of Doom. On T:13387 you reached level 9 of The Dungeons of Doom. On T:13407 you reached level 10 of The Dungeons of Doom. On T:13724 you reached level 11 of The Dungeons of Doom. On T:13884 you reached level 12 of The Dungeons of Doom. On T:14213 you reached level 13 of The Dungeons of Doom. On T:14245 you received Ogresmasher from Hermes. On T:14426 you advanced to experience level 10. On T:14574 you reached level 1 of The Quest. On T:16897 you advanced to experience level 11. On T:17369 you advanced to experience level 12. On T:18073 you reached level 14 of The Dungeons of Doom. On T:19178 you reached level 15 of The Dungeons of Doom. On T:19598 you reached level 16 of The Dungeons of Doom. On T:21662 you reached level 17 of The Dungeons of Doom. On T:22117 you reached level 18 of The Dungeons of Doom. On T:22459 you reached level 19 of The Dungeons of Doom. On T:22558 you reached level 20 of The Dungeons of Doom. On T:22832 you reached level 21 of The Dungeons of Doom. On T:22881 you reached level 22 of The Dungeons of Doom. On T:23100 you reached level 23 of The Dungeons of Doom. On T:23571 you reached level 24 of The Dungeons of Doom. On T:23666 you reached level 25 of The Dungeons of Doom. On T:24435 you advanced to experience level 13. On T:26983 you advanced to experience level 14. On T:26983 you advanced to experience level 15. On T:27732 you embarked upon an epic quest. On T:27760 you reached level 2 of The Quest. On T:27802 you reached level 3 of The Quest. On T:28472 you reached level 4 of The Quest. On T:28639 you reached level 5 of The Quest. On T:28931 you killed Cyclops on level 5 of The Quest. On T:29370 you completed the quest! On T:34744 you reached level 26 of The Dungeons of Doom. On T:34934 you reached level 27 of The Dungeons of Doom. On T:35232 you reached level 28 of The Dungeons of Doom. On T:38432 you killed Medusa in The Castle. On T:40191 you reached The Valley of the Dead. On T:41221 you advanced to experience level 16. On T:41546 you advanced to experience level 17. On T:41850 you advanced to experience level 18. On T:43221 you wished for "magic marker". On T:43224 you wished for "3 scroll of charging". On T:43458 you advanced to experience level 19. On T:43628 you wished for "magic marker". On T:44300 you wished for "blessed fireproof +2 speed boots". On T:44303 you wished for "magic marker". On T:44765 you advanced to experience level 20. On T:45169 you reached Fort Ludios. On T:45730 you killed Croesus in Fort Ludios. On T:46718 you received Giantslayer from Hermes. On T:47511 you advanced to experience level 21. On T:47638 you wished for "magic marker". On T:54117 you wished for "blessed fireproof +2 shirt". On T:57851 you reached level 2 of Gehennom. On T:58143 you reached level 3 of Gehennom. On T:58213 you reached level 4 of Gehennom. On T:58872 you reached level 5 of Gehennom. On T:59394 you reached level 6 of Gehennom. On T:59620 you killed Juiblex on level 6 of Gehennom. On T:59769 you reached level 7 of Gehennom. On T:60436 you reached level 8 of Gehennom. On T:61018 you reached level 9 of Gehennom. On T:62180 you reached level 10 of Gehennom. On T:62520 you reached level 11 of Gehennom. On T:63536 you killed Orcus on level 6 of Gehennom. On T:64625 you reached level 12 of Gehennom. On T:64635 you reached level 13 of Gehennom. On T:71089 you advanced to experience level 22. On T:80220 you reached level 3 of Vlad's Tower. On T:80386 you reached level 2 of Vlad's Tower. On T:80565 you reached level 1 of Vlad's Tower. On T:80719 you killed Vlad the Impaler on level 1 of Vlad's Tower. On T:81422 you reached level 14 of Gehennom. On T:81846 you reached level 15 of Gehennom. On T:82323 you reached level 16 of Gehennom. On T:82544 you reached level 17 of Gehennom. On T:83660 you advanced to experience level 23. On T:87198 you reached level 18 of Gehennom. On T:87642 you reached level 19 of Gehennom. On T:88104 you reached level 20 of Gehennom. On T:88642 you reached level 21 of Gehennom. On T:94113 you received Trollsbane from Hermes. On T:94223 you advanced to experience level 24. On T:94300 you advanced to experience level 25. On T:94300 you advanced to experience level 26. On T:94754 you advanced to experience level 27. On T:95669 you advanced to experience level 28. On T:97163 you wished for "magic marker". On T:101086 you were named as the Envoy of Balance! On T:103168 you killed Wizard of Yendor on level 12 of Gehennom. On T:103248 you performed the invocation. On T:103552 you killed high priest of Moloch on level 22 of Gehennom. On T:103554 you gained the Amulet of Yendor! On T:103893 you advanced to experience level 29. On T:104484 you reached the Plane of Earth. On T:104484 you killed Wizard of Yendor on the Plane of Earth. On T:104581 you reached the Plane of Air. On T:104832 you reached the Plane of Fire. On T:105065 you reached the Plane of Water. On T:105095 you reached the Astral Plane. On T:105676 you lost the Amulet of Yendor. On T:105676 you offered the Amulet of Yendor to Hermes and ascended to the status of Demigod! Score breakdown: Gold: 0 ( 0 points) Experience: 29 levels (29478 points) Exploration: 51 levels (100.00%) (30000 points) Discoveries: 32 items ( 10.96%) ( 9931 points) Valuables value: 228450 (18228 points) Artifact value: 8800 (13417 points) Variety of kills: 302 monsters ( 79.27%) (26709 points) Turncount: 105676 turns (-5861 points) Survival: ascended (score multiplied by 200%) Total score: 243804 Latest messages: You feel completely healed. Your movements are now unencumbered. You feel completely healed. You feel completely healed. You feel completely healed. You are now wearing a blindfold. You can't see any more. You take off your blindfold. You can see! You offer the Amulet of Yendor to Hermes... An invisible choir sings, and you are bathed in radiance... The voice of Hermes booms: "Congratulations, mortal!" "In return for thy service, I grant thee the gift of Immortality!" You ascend to the status of Demigod... Final status: Goodbye grid bug the Demigod, ascended... You and the guardian Angel of Hermes went to your reward with 243804 points, Grimtooth (worth 300 zorkmids) Magicbane (worth 3500 zorkmids) The Bell of Opening (worth 5000 zorkmids) 15 jasper stones (worth 7500 zorkmids), 13 diamonds (worth 52000 zorkmids), 13 jet stones (worth 11050 zorkmids), 13 jade stones (worth 3900 zorkmids), 11 rubies (worth 38500 zorkmids), 11 emeralds (worth 27500 zorkmids), 11 obsidian stones (worth 2200 zorkmids), 10 topaz stones (worth 9000 zorkmids), 9 agate stones (worth 1800 zorkmids), 8 garnet stones (worth 5600 zorkmids), 7 opals (worth 5600 zorkmids), 6 sapphires (worth 18000 zorkmids), 6 amethyst stones (worth 3600 zorkmids), 5 jacinth stones (worth 16250 zorkmids), 5 chrysoberyl stones (worth 3500 zorkmids), 4 citrine stones (worth 6000 zorkmids), 3 black opals (worth 7500 zorkmids), 3 aquamarine stones (worth 4500 zorkmids), 2 turquoise stones (worth 4000 zorkmids), 2 amulets of life saving (worth 300 zorkmids), 1 amulet of reflection (worth 150 zorkmids), and 556 pieces of gold, after 105676 moves. You were level 29 with a maximum of 398 hit points when you ascended.